 Dungeon Crawl Stone Soup version 0.24.0-37-gcf1ca852f1 (webtiles) character file.

Game seed: 16965781425154398627, levelgen mode: deterministic

523 Mrkan the Cudgeler (level 7, -2/44 HPs)
             Began as a Gargoyle Fighter on Nov 26, 2019.
             Was a Believer of Makhleb.
             Killed by nerve-wracking pain
             ... invoked by an orc priest
              (5 damage)
             ... on level 4 of the Dungeon.
             The game lasted 00:05:02 (3187 turns).

Mrkan the Cudgeler (Gargoyle Fighter)               Turns: 3187, Time: 00:05:03

Health: -2/44      AC: 13    Str: 20    XL:     7   Next: 22%
Magic:  7/7        EV:  7    Int:  9    God:    Makhleb [**....]
Gold:   195        SH:  9    Dex: 10    Spells: 6/6 levels left

rFire    . . .     SeeInvis .   a - +0 flail
rCold    . . .     Gourm    .   c - +0 shield
rNeg     + . .     Faith    .   b - +0 scale mail
rPois    ∞         Spirit   .   (no helmet)
rElec    +         Reflect  .   (no cloak)
rCorr    .         Harm     .   (no gloves)
MR       .....                  s - +0 pair of boots
Stlth    ..........             (no amulet)
HPRegen  0.14/turn              (no ring)
MPRegen  0.10/turn              (no ring)

@: no status effects
A: negative energy resistance 1, electricity resistance, unbreathing,
petrification resistance, rot immunity, AC +4
a: Minor Destruction, Renounce Religion


You were on level 4 of the Dungeon.
You worshipped Makhleb.
Makhleb was pleased with you.
You were not hungry.

You visited 1 branch of the dungeon, and saw 4 of its levels.

You collected 195 gold pieces.

Inventory:

Hand Weapons
 a - a +0 flail (weapon)
Armour
 b - a +0 scale mail (worn)
 c - a +0 shield (worn)
 s - a +0 pair of boots (worn)
Jewellery
 j - an uncursed ring of stealth
 l - an uncursed ring of stealth
 m - an uncursed ring of wizardry {unknown}
 r - an uncursed amulet of the gourmand {unknown}
 u - a cursed ring of teleportation {unknown}
Scrolls
 e - a scroll of fog {unknown}
 g - a scroll of enchant armour {unknown}
 h - 4 scrolls of teleportation {unknown}
 i - 3 scrolls of remove curse {unknown}
 k - a scroll of magic mapping {unknown}
 n - a scroll of identify {unknown}
 t - a scroll of blinking {unknown}
Potions
 d - a potion of might
 o - a potion of cancellation {unknown}
 p - a potion of curing {unknown}
 q - a potion of agility {unknown}
Comestibles
 f - 7 rations


   Skills:
 + Level 4.8 Fighting
 * Level 5.0 Maces & Flails
 + Level 4.9 Armour
 + Level 4.9 Shields


You had 6 spell levels left.
You didn't know any spells.
Your spell library was empty.

Dungeon Overview and Level Annotations

Branches:
Dungeon (4/15)             Temple (0/1) D:4

Altars:
Kikubaaqudgha
Makhleb
Okawaru
Qazlal
Yredelemnul

Annotations:
D:2 2 transporters, Menkaure


Innate Abilities, Weirdness & Mutations

You are resistant to torment.
Your stone body is resilient. (AC +4)
You are immune to poison.
You resist negative energy. (rN+)
You are resistant to electric shocks. (rElec)
You can survive without breathing.
You are immune to petrification.
You are immune to rotting.


Message History

Makhleb accepts your kill.
Your Maces & Flails skill increases to level 5!
You block the orc's attack.
You hit the orc.
The orc is severely wounded.
The orc hits you but does no damage.
You barely miss the orc.
The orc is severely wounded.
You block the orc's attack.
The orc priest calls upon Beogh to heal the orc.
The orc's wounds heal themselves!
You hit the orc.
You kill the orc!
Makhleb accepts your kill.
The orc priest calls down the wrath of Beogh upon you.
Beogh smites you!
* * * LOW HITPOINT WARNING * * *
The orc priest invokes the aid of Beogh against you.
Pain shoots through your body!
You die...

###############....#
#######.####
#.......# #.#######
#.# #.# #.#
#.############
#.....@oo.....
##############


You could see an orc priest and an orc.

Vanquished Creatures
  Eustachio (D:4)
  A hound (D:4)
  2 orc wizards
  3 orc priests (D:4)
  2 iguanas (D:4)
  2 adders
  An ooze (D:3)
  3 worms
  3 dart slugs (D:1)
  3 leopard geckos
  21 orcs
  4 giant cockroaches
  7 goblins
  6 hobgoblins
  7 jackals
  11 kobolds
  A quokka (D:2)
  8 bats
  3 frilled lizards
  11 rats
100 creatures vanquished.

Notes
Turn   | Place    | Note
-------+----------+-------------------------------------------
     0 | D:1      | Mrkan the Gargoyle Fighter began the quest for the Orb.
     0 | D:1      | Reached XP level 1. HP: 14/14 MP: 1/1
   102 | D:1      | Reached XP level 2. HP: 18/19 MP: 2/2
   273 | D:1      | Found a burning altar of Makhleb.
   298 | D:1      | Became a worshipper of Makhleb the Destroyer
   788 | D:2      | Reached XP level 3. HP: 23/23 MP: 3/3
  1087 | D:2      | Found a stormy altar of Qazlal.
  1136 | D:2      | Found a transporter.
  1138 | D:2      | Found an iron altar of Okawaru.
  1142 | D:2      | Found a transporter.
  1173 | D:2      | Reached skill level 3 in Maces & Flails
  1173 | D:2      | Reached XP level 4. HP: 11/29 MP: 4/4
  1539 | D:2      | Found a basalt altar of Yredelemnul.
  1543 | D:2      | Noticed Menkaure
  1555 | D:2      | Found an ancient bone altar of Kikubaaqudgha.
  1623 | D:3      | Reached * piety under Makhleb
  1683 | D:3      | Reached XP level 5. HP: 32/33 MP: 5/5
  2345 | D:3      | Reached ** piety under Makhleb
  2541 | D:4      | Noticed Eustachio
  2588 | D:4      | Killed Eustachio
  2588 | D:4      | Reached skill level 4 in Maces & Flails
  2588 | D:4      | Reached XP level 6. HP: 28/39 MP: 6/6
  2623 | D:4      | Found a staircase to the Ecumenical Temple.
  2866 | D:4      | Reached XP level 7. HP: 19/44 MP: 7/7
  2888 | D:4      | HP: 2/44 [iguana (9)]
  3183 | D:4      | Reached skill level 5 in Maces & Flails
  3187 | D:4      | Killed from afar by an orc priest

Levels and vault maps discovered:
D:1:      lemuel_arrival_river_ford, layout_loops_ring, kennysheep_flooded_box
D:2:      layout_rooms, lemuel_crystal_altar, gammafunk_temple_of_torment,
          first_ration, nicolae_qazlal_general_emergency
D:3:      layout_basic
D:4:      layout_basic, temple_doors_e, uniq_eustachio

Skill      XL: |  1  2  3  4  5  6  7 |
---------------+----------------------+-----
Maces & Flails | 3 4 5 |  5.0
Shields        | 4 |  4.9
Fighting       | 4 |  4.8
Armour         | 4 |  4.9

Action                   |  1- 3 |  4- 6 |  7- 9 || total
-------------------------+-------+-------+-------++-------
Melee: Flail             |   128 |   257 |    30 ||   415
  Eat: Chunk             |     1 |     6 |     1 ||     8
Armor: Scale mail        |   107 |   231 |    16 ||   354
Dodge: Dodged            |    54 |   128 |    13 ||   195
Block: Shield            |    70 |   219 |    16 ||   305
